 Dungeon Crawl Stone Soup version 0.16.2-2-g470672f (webtiles) character file.

16569 dvd the Basher (level 12, 0/195 HPs)
             Began as an Ogre Berserker on Aug 30, 2015.
             Was the Champion of Trog.
             Succumbed to a queen bee's poison
             ... on level 2 of the Lair of Beasts.
             The game lasted 02:01:40 (18728 turns).

dvd the Basher (Ogre Berserker)                    Turns: 18728, Time: 02:01:40

Health: 0/195      AC: 11    Str: 39    XL:     12   Next: 38%
Magic:  12/12      EV: 13    Int:  6    God:    Trog [******]
Gold:   848        SH:  0    Dex:  9    Spells: 0 memorised, 11 levels left

rFire  . . .     SeeInvis +     a - +3 mace (protect)
rCold  + . .     Clarity  +     m - +2 robe {rC+}
rNeg   . . .     SustAb   .     (shield restricted)
rPois  .         Gourm    .     (helmet restricted)
rElec  +         Spirit   .     x - +0 cloak "Gioxtil" {-Tele rElec Str+7}
rCorr  .         Warding  .     (gloves unavailable)
rMut   .         NoTele   +     (boots unavailable)
MR     +....                    y - amulet of clarity
Stlth  ..........               w - ring of see invisible
                                s - ring of stealth

@: berserking (expiring), lethally poisoned (0 -> -8), very quick, somewhat
resistant to hostile enchantments, extremely unstealthy
A: unfitting armour, clumsy 1, mutation resistance 1, tough skin 1
a: Burn Spellbooks, Berserk, Trog's Hand, Brothers in Arms, Renounce Religion


You were on level 2 of the Lair of Beasts.
You worshipped Trog.
Trog was exalted by your worship.
You were very hungry.

You visited 3 branches of the dungeon, and saw 15 of its levels.

You collected 848 gold pieces.

Inventory:

Hand weapons
 a - a +3 mace of protection (weapon)
 b - a +5 shortbow of evasion
 e - a +0 dire flail
 v - a +4 whip of holy wrath
 D - a +1 flail of draining
 O - a +0 eveningstar
Missiles
 i - 4 javelins of penetration
 j - 4 javelins (quivered)
 q - 2 tomahawks
 z - 43 arrows
 B - 4 poisoned javelins
 C - 4 silver javelins
 E - a throwing net
 M - 16 arrows of frost
 P - a steel tomahawk
Armour
 f - a +2 robe of magic resistance
 m - a +2 robe of cold resistance (worn)
 p - a +2 cloak
 x - the +0 cloak "Gioxtil" (worn) {-Tele rElec Str+7}
   (You acquired it on level 6 of the Dungeon)

   It affects your strength (+7).
   It insulates you from electricity.
   It prevents most forms of teleportation.
Jewellery
 n - an uncursed ring of flight
 s - a ring of stealth (left hand)
 w - a ring of see invisible (right hand)
 y - an amulet of clarity (around neck)
Magical devices
 r - a wand of digging (8)
 G - a wand of draining (3)
 I - a wand of enslavement (18)
 J - a wand of digging (11)
 N - a wand of flame (15)
Scrolls
 g - 11 scrolls of identify
 t - 2 scrolls of fog
 u - a scroll of teleportation
 A - a scroll of silence
 K - a scroll of enchant armour
 L - 2 scrolls of remove curse
Potions
 h - a potion of lignification
 k - 5 potions of curing
 F - 2 potions of flight
 H - a potion of heal wounds
Comestibles
 c - 8 meat rations
 d - 4 slices of pizza
 l - 2 beef jerkies
 o - 6 bread rations


   Skills:
 + Level 11.6 Fighting
 + Level 13.0 Maces & Flails
 + Level 2.7 Bows
 + Level 8.6 Throwing
 + Level 1.7 Armour
 + Level 10.3 Dodging
 + Level 4.8 Stealth


You had 11 spell levels left.
You didn't know any spells.

Dungeon Overview and Level Annotations

Branches:
Dungeon (12/15)            Temple (1/1) D:6            Lair (2/8) D:11
    Orc (0/4) D:12

Altars:
Ashenzari
Cheibriados
Dithmenos
Elyvilon
Fedhas
Gozag
Kikubaaqudgha
Makhleb
Nemelex Xobeh
Okawaru
Qazlal
Ru
Sif Muna
Trog
Vehumet
Xom
Yredelemnul
Zin
The Shining One

Shops:
D:5 %=((:   D:6 =


Innate Abilities, Weirdness & Mutations

You are too large for most types of armour.
You have tough skin (AC +1).
You are clumsy. (Dex -2)
You are somewhat resistant to further mutation.


Message History

The killer bee barely misses you.
You bludgeon the killer bee!!
You kill the killer bee!
Trog accepts your kill.
* * * LOW HITPOINT WARNING * * *
You feel sick.
You are too berserk!
You are too berserk!
You miss the killer bee.
* * * LOW HITPOINT WARNING * * *
You feel sick. The killer bee barely misses you.
* * * LOW HITPOINT WARNING * * *
You feel sick. The killer bee misses you.
You feel a strong urge to attack something.
* * * LOW HITPOINT WARNING * * *
You feel sick.
You closely miss the killer bee. The killer bee barely misses you.
You sock the killer bee!
The killer bee is almost dead.
You die...

############ #..........#
##.........## ########
#..........#.
#.yyy..###............
##†##@..P............. #.%
#................. #..
##................ #..
##................ #.%
#................. #########..
#................. .....#.##.%
#.........!.......
#........#####..............<..
#..........................P..


You could see 3 killer bees.

Vanquished Creatures
  2 hydras
  An unseen horror (D:10)
  A hill giant (D:9)
  The ghost of Appriser the Insei, an experienced DrTm (D:6)
  The ghost of dvd the Covert, an experienced SpEn of Nemelex Xobeh (D:8)
  2 cyclopes (D:11)
  A gargoyle (D:11)
  A black mamba (Lair:2)
  4 centaur skeletons
  3 blink frogs (Lair:1)
  A merfolk (D:9)
  A queen bee (Lair:2)
  Grinder (D:5)
  A troll (D:10)
  2 hippogriffs
  15 yaks
  A wraith (D:12)
  A hungry ghost (D:9)
  6 wolves (Lair:2)
  3 water moccasins
  A black bear (D:9)
  9 ogres
  A phantom (D:5)
  3 ice beasts
  2 orc warriors
  A sky beast (D:10)
  A necrophage (D:6)
  A centaur (D:7)
  A crocodile (Lair:2)
  Sigmund (D:3)
  3 big kobolds
  A gnoll sergeant (D:4)
  6 giant frogs
  3 scorpions
  21 killer bees
  A wyvern skeleton (D:11)
  6 wights (D:8)
  2 electric eels (Lair:1)
  8 crimson imps
  3 giant frog zombies
  3 goliath beetles
  6 hounds
  A quasit (D:10)
  A gnoll shaman (D:7)
  5 jellies
  5 orc priests
  A giant frog skeleton (D:6)
  A wasp zombie (D:8)
  9 orc wizards
  5 iguanas
  4 worker ants
  A killer bee zombie (D:11)
  Jessica (D:3)
  A mummy (D:11)
  A worker ant zombie (D:8)
  Robin (D:3)
  18 adders
  6 gnolls
  13 river rats (Lair:2)
  2 giant mites (D:6)
  4 worms
  4 shadow imps
  2 adder skeletons
  2 adder zombies
  7 giant geckos
  40 orcs
  17 bats
  5 giant cockroaches
  25 goblins
  26 hobgoblins
  11 jackals
  8 quokkas
  A ball python (D:4)
  A giant gecko skeleton (D:6)
  3 giant newts
  3 giant spores
  31 kobolds
  A quokka skeleton (D:4)
  2 quokka zombies
  13 rats
  4 ballistomycetes
419 creatures vanquished.

Vanquished Creatures (others)
  A killer bee (D:11)
  3 wights (D:8)
  A ballistomycete (D:11)
  2 butterflies (D:6)
  A plant (Lair:2)
8 creatures vanquished.

Grand Total: 427 creatures vanquished

Notes
Turn   | Place    | Note
--------------------------------------------------------------
     0 | D:1      | dvd, the Ogre Berserker, began the quest for the Orb.
     0 | D:1      | Reached XP level 1. HP: 24/24 MP: 1/1
   269 | D:1      | Reached XP level 2. HP: 30/32 MP: 2/2
   969 | D:2      | Reached XP level 3. HP: 29/40 MP: 3/3
  1042 | D:2      | Acquired Trog's second power
  2060 | D:2      | Reached XP level 4. HP: 37/49 MP: 4/4
  2200 | D:2      | Reached skill level 5 in Fighting
  2352 | D:3      | Noticed Jessica
  2359 | D:3      | Killed Jessica
  2554 | D:3      | Noticed an ice beast
  2568 | D:3      | Killed an ice beast
  2568 | D:3      | Reached skill level 5 in Maces & Flails
  2568 | D:3      | Reached XP level 5. HP: 56/59 MP: 5/5
  2698 | D:3      | Noticed Sigmund
  2724 | D:3      | Killed Sigmund
  2724 | D:3      | Reached XP level 6. HP: 50/67 MP: 6/6
  3173 | D:3      | Found a white marble altar of Elyvilon.
  3420 | D:3      | Noticed Robin
  3431 | D:3      | Killed Robin
  3438 | D:3      | Reached skill level 6 in Fighting
  3648 | D:3      | Gained mutation: You are somewhat resistant to further mutation. [potion of mutation]
  3648 | D:3      | Gained mutation: You are clumsy. (Dex -2) [potion of mutation]
  3978 | D:4      | Reached skill level 1 in Throwing
  3978 | D:4      | Reached skill level 1 in Stealth
  3978 | D:4      | Reached XP level 7. HP: 53/75 MP: 7/7
  4100 | D:4      | Acquired Trog's third power
  4902 | D:4      | Found a glowing golden altar of the Shining One.
  4903 | D:4      | Noticed an angel
  4908 | D:4      | Found a basalt altar of Yredelemnul.
  4999 | D:4      | Noticed a profane servitor
  5117 | D:4      | Reached skill level 5 in Dodging
  5637 | D:5      | Entered Level 5 of the Dungeon
  5749 | D:5      | Found Daet's Jewellery Shop.
  5864 | D:5      | Found Ubraly's Food Boutique.
  5879 | D:5      | Found Buypatuy's Antique Weapon Shoppe.
  6050 | D:5      | Found Qimaotoa's Book Boutique.
  6098 | D:5      | Reached XP level 8. HP: 69/84 MP: 8/8
  6171 | D:5      | Found Fizxin's Weapon Boutique.
  6177 | D:5      | Reached skill level 7 in Maces & Flails
  6491 | D:5      | Noticed Grinder
  6501 | D:5      | Killed Grinder
  6822 | D:5      | Reached skill level 8 in Maces & Flails
  6953 | D:6      | Found a staircase to the Ecumenical Temple.
  6969 | Temple   | Entered the Ecumenical Temple
  7352 | D:6      | Noticed Appriser's ghost (experienced DrTm)
  7370 | D:6      | Killed Appriser's ghost
  7370 | D:6      | Reached skill level 9 in Maces & Flails
  7370 | D:6      | Reached XP level 9. HP: 49/96 MP: 9/9
  7689 | D:6      | Noticed a centaur skeleton
  7714 | D:6      | Killed a centaur skeleton
  8818 | D:6      | Found an opulent altar of Gozag.
  8829 | D:6      | Identified a scroll of acquirement
  8830 | D:6      | Got a distressingly furry cloak
  8836 | D:6      | Identified the +0 cloak "Gioxtil" {-Tele rElec Str+7} (You acquired it on level 6 of the Dungeon)
  9203 | D:6      | Found Scheggucs' Jewellery Shop.
  9256 | D:6      | Found a shattered altar of Ashenzari.
  9258 | D:6      | Found a bloodstained altar of Trog.
  9312 | D:6      | Found a blossoming altar of Fedhas.
  9313 | D:6      | Found a burning altar of Makhleb.
  9534 | D:7      | Reached skill level 10 in Maces & Flails
 10177 | D:7      | HP: 3/98 [yak (9)]
 10813 | D:6      | Reached XP level 10. HP: 107/107 MP: 10/10
 11870 | D:8      | Reached skill level 11 in Maces & Flails
 12791 | D:8      | Noticed dvd's ghost (experienced SpEn)
 12803 | D:8      | Killed dvd's ghost
 12803 | D:8      | Reached skill level 1 in Bows
 13258 | D:9      | Reached skill level 10 in Fighting
 13262 | D:9      | Noticed a hill giant
 13280 | D:9      | Killed a hill giant
 13516 | D:9      | Reached XP level 11. HP: 101/117 MP: 11/11
 13605 | D:9      | Found an iron altar of Okawaru.
 13675 | D:9      | Reached skill level 5 in Throwing
 13805 | D:9      | Received a gift from Trog
 14072 | D:10     | Entered Level 10 of the Dungeon
 14236 | D:10     | Noticed an unseen horror
 14256 | D:10     | Killed an unseen horror
 14304 | D:10     | Reached skill level 12 in Maces & Flails
 15306 | D:11     | Received a gift from Trog
 15992 | D:12     | Found a staircase to the Orcish Mines.
 16257 | D:11     | Found a staircase to the Lair.
 16277 | D:11     | Received a gift from Trog
 16583 | Lair:1   | Entered Level 1 of the Lair of Beasts
 16583 | Lair:1   | Noticed a five-headed hydra
 16592 | Lair:1   | HP: 4/119 [five-headed hydra (10)]
 16593 | Lair:1   | Killed a five-headed hydra
 17509 | Lair:1   | Reached skill level 10 in Dodging
 17913 | Lair:1   | Reached XP level 12. HP: 73/130 MP: 12/12
 18343 | Lair:2   | Received a gift from Trog
 18437 | Lair:2   | Noticed an eight-headed hydra
 18447 | Lair:2   | Killed an eight-headed hydra
 18641 | Lair:2   | Received a gift from Trog
 18703 | Lair:2   | Reached skill level 13 in Maces & Flails
 18722 | Lair:2   | HP: 4/195 [killer bee (10)]
 18726 | Lair:2   | HP: 1/195 [poisoned by a queen bee]
 18728 | Lair:2   | Succumbed to a queen bee's poison

Action                   |  1- 3 |  4- 6 |  7- 9 | 10-12 || total
-------------------------+-------+-------+-------+-------++-------
Melee: Mace              |   101 |   159 |   278 |   635 ||  1173
       Giant spiked club |       |       |   134 |       ||   134
       Flail             |       |       |     9 |       ||     9
 Fire: Shortbow          |       |       |     9 |    60 ||    69
Throw: Tomahawk          |       |    15 |    37 |    99 ||   151
       Javelin           |       |       |       |    91 ||    91
       Throwing net      |       |       |       |     1 ||     1
Invok: Berserk           |       |     3 |     5 |     8 ||    16
       Burn Spellbooks   |       |       |     2 |     1 ||     3
       Trog's Hand       |       |       |     2 |     1 ||     3
  Use: Scroll            |     6 |       |    12 |     9 ||    27
       Potion            |     3 |     4 |     4 |     4 ||    15
 Stab: Sleeping          |     1 |       |     8 |     2 ||    11
  Eat: Chunk             |     4 |     4 |    15 |    10 ||    33
       Meat ration       |       |     1 |     3 |     2 ||     6
       Bread ration      |       |       |       |     2 ||     2
